 Dungeon Sprint DCSS version 0.21.1-1-g345015f (webtiles) character file.

12492 sanboga the Severer (level 11, -7/147 HPs)
             Began as a Demonspawn Monk on Feb 13, 2018.
             Was the Champion of Trog.
             Mangled by an apis (29 damage)
             ... in the Dungeon (Sprint V: "Ziggurat Sprint").
             The game lasted 00:09:16 (1729 turns).

sanboga the Severer (Demonspawn Monk)               Turns: 1729, Time: 00:09:16

Health: -7/147     AC: 34    Str: 35    XL:     11   Next: 63%
Magic:  0/3        EV:  4    Int: 11    God:    Trog [******]
Gold:   0          SH:  0    Dex: 18    Spells: 10/10 levels left

rFire    + . .     SeeInvis .   B - +3 executioner's axe (antimagic)
rCold    . . .     Gourm    .   (shield currently unavailable)
rNeg     . . .     Faith    .   b - +15 Maxwell's patent armour {-Cast -Tele rElec MR+ rCorr}
rPois    .         Spirit   +   (helmet restricted)
rElec    +         Reflect  .   (no cloak)
rCorr    +         Harm     .   (no gloves)
MR       +....     NoTele   +   t - +2 pair of boots {run} Stlth ..........NoCast +
                                (no amulet)
HPRegen  0.34/turn              w - +6 ring of strength
MPRegen  0.16/turn              a - ring "Xaucyfib" {rCorr rF+ Str+9 Dex+2 Stlth-}

@: berserking, grasped by roots, constricted, very quick
A: antennae 1, claws 1, talons 1, foul stench 1, magic shield, magic
regeneration, rot immunity
a: Berserk, Trog's Hand, Brothers in Arms, Burn Spellbooks, Renounce Religion


You were in the Dungeon.
You worshipped Trog.
Trog was exalted by your worship.
You were not hungry.

You visited 1 branch

Inventory:

Hand Weapons
 u - the +3 executioner's axe of Wisdom {chop, rF+ rN++}
   (Trog gifted it to you in the Dungeon)

   It inflicts extra damage upon your enemies.
   It protects you from fire.
   It greatly protects you from negative energy.
 B - a +3 antimagic executioner's axe (weapon)
Armour
 b - the +15 Maxwell's patent armour (worn) {-Cast -Tele rElec MR+ rCorr}
   (You found it in the Dungeon)

   It insulates you from electricity.
   It affects your resistance to hostile enchantments.
   It prevents spellcasting.
   It prevents most forms of teleportation.
   It protects you from acid and corrosion.
 t - a +2 pair of boots of running (worn)
Jewellery
 a - the ring "Xaucyfib" (right claw) {rCorr rF+ Str+9 Dex+2 Stlth-}
   (You found it in the Dungeon)

   [ring of resist corrosion]

   It affects your strength (+9).
   It affects your dexterity (+2).
   It protects you from fire.
   It makes you less stealthy.
 w - a +6 ring of strength (left claw)
Wands
 y - a wand of disintegration (7)
 z - a wand of iceblast (7)
 A - a wand of acid (7)
Scrolls
 i - 4 scrolls of blinking
 o - 7 scrolls of fog
 p - 5 scrolls of identify
 q - 5 scrolls of remove curse
 r - 2 scrolls of fear
 s - 2 scrolls of brand weapon
Potions
 d - 10 potions of curing
 e - 2 potions of heal wounds
 f - 6 potions of haste
 g - 2 potions of magic
 h - 3 potions of berserk rage
 j - 2 potions of invisibility
 k - 4 potions of resistance
 m - 5 potions of agility
 n - 6 potions of might
Miscellaneous
 l - a phial of floods
 v - a box of beasts
 x - a phantom mirror
Comestibles
 c - 6 rations


   Skills:
 + Level 13.3 Fighting
 * Level 16.9 Axes
 + Level 12.0 Armour
 - Level 2.6 Dodging
 - Level 1.7 Stealth


You had 10 spell levels left.
You didn't know any spells.

Dungeon Overview and Level Annotations

Branches:
Dungeon (1/1)

Altars:
Ashenzari
Cheibriados
Dithmenos
Elyvilon
Fedhas
Gozag
Hepliaklqana
Kikubaaqudgha
Makhleb
Nemelex Xobeh
Okawaru
Qazlal
Ru
Sif Muna
Trog
Uskayaw
Vehumet
Wu Jian
Xom
Yredelemnul
Zin
The Shining One
Beogh
Jiyva
Lugonu

Annotations:
D 1 transporter


Innate Abilities, Weirdness & Mutations

You have a pair of small antennae on your head.
You have sharp fingernails.
You have sharp toenails.
You may emit foul miasma when damaged in melee.
When hurt, damage is shared between your health and your magic reserves.
You regenerate magic rapidly.
You are immune to rotting.


Message History

The dryad dies!
Trog accepts your kill.
Trog appreciates your killing of a magic user.
The spriggan druid calls out to the beasts of the wild!
The apis gores you but does no damage.
The spriggan rider hits you but does no damage.
You miss the anaconda.
The anaconda is lightly wounded.
You barely miss the apis. You closely miss the spriggan rider.
You miss the spriggan air mage. You slash the shambling mangrove!
The anaconda bites you but does no damage.
The anaconda constricts you.
Your iron troll bites the shambling mangrove but does no damage.
Your iron troll claws the shambling mangrove!! x2
The spriggan druid calls out to the beasts of the wild!
The anaconda bites you but does no damage.
The anaconda constricts you. The apis gores you!
* * * LOW HITPOINT WARNING * * *
The apis sears you!!
You die...

▓▓▓▓▓▓▓▓▓▓▓▓▓▓▓▓▓▓▓
▓...8©8...▓...8©8...▓
▓...[}):..▓..).[.[..▓
▓..:::")..▓......)..▓
▓.........▓.......).▓
▓.........▓.........▓
▓...i.....▓.........▓
▓...i.f...▓.........▓
▓..R§@iT..▓.▓.....▓|▓
▓...YS....▓....©....▓
▓....©....▓▓▓▓▓▓▓▓▓▓▓
▓▓▓▓▓▓▓▓▓▓▓


You could see an apis, a shambling mangrove, an anaconda, a spriggan rider, a
dryad, a spriggan air mage, a spriggan druid and a friendly iron troll
(berserk).

Vanquished Creatures
  A spriggan berserker (D)
  A deep elf knight (D)
  2 deep elf magi (D)
  A naga mage (D)
  An eye of devastation (D)
  A smoke demon (D)
  A guardian mummy (D)
  A jumping spider (shapeshifter) (D)
  A polar bear (D)
  A slime creature (D)
  2 large abominations (D)
  An air elemental (D)
  A water elemental (D)
  3 golden eyes (D)
  A chaos spawn (D)
  2 nagas (D)
  A water moccasin (D)
  3 quasits (D)
  4 jellies (D)
  2 iron imps (D)
  A mummy (D)
  An adder (D)
  2 shadow imps (D)
  3 white imps (D)
  4 ufetubi (D)
  3 oozes (D)
  An adder zombie (D)
  An adder simulacrum (D)
  2 bat zombies (D)
  A ball python (D)
50 creatures vanquished.

Vanquished Creatures (collateral kills)
  A spriggan air mage (D)
  2 deep elf knights (D)
  2 deep elf magi (D)
  A dryad (D)
  A fire elemental (D)
7 creatures vanquished.

Grand Total: 57 creatures vanquished

Notes
Turn   | Place    | Note
-------+----------+-------------------------------------------
     0 | D        | Found the +6 Majin-Bo {vamp, Archmagi MP+6 Int+6}
     0 | D        | Found the +7 great mace "Firestarter" {inner flame, rF++}
     0 | D        | sanboga the Demonspawn Monk began the quest for the Orb.
     0 | D        | Reached XP level 1. HP: 18/18 MP: 1/1
     0 | D        | Found a deep blue altar of Sif Muna.
     0 | D        | Found a bloodstained altar of Trog.
     0 | D        | Found a sacrificial altar of Ru.
     0 | D        | Found a stormy altar of Qazlal.
     0 | D        | Found an iron altar of Okawaru.
     1 | D        | Found a sparkling altar of Nemelex Xobeh.
     1 | D        | Found a blossoming altar of Fedhas.
     3 | D        | Found a transporter.
     3 | D        | Found an ancient bone altar of Kikubaaqudgha.
     3 | D        | Found a viscous altar of Jiyva.
     3 | D        | Found a corrupted altar of Lugonu.
     3 | D        | Found a hazy altar of Hepliaklqana.
     3 | D        | Found a burning altar of Makhleb.
     3 | D        | Found an opulent altar of Gozag.
    44 | D        | Found the +9 heavy crossbow "Sniper" {velocity, Acc+∞ SInv}
    44 | D        | Found the +10 dark maul {crush}
    44 | D        | Found the +15 Maxwell's patent armour {-Cast -Tele rElec MR+ rCorr}
    44 | D        | Found the +18 shield of the Gong {rElec rN+ MR+ EV-5}
    44 | D        | Found the cursed +14 obsidian axe {chop, +Fly SInv *Curse}
    53 | D        | Found the +6 shillelagh "Devastator" {shatter}
    53 | D        | Found the +11 plutonium sword {*Contam Stlth-}
    53 | D        | Found the +8 lance "Wyrmbane" {slay drac, rPois rF+ rC+ AC+3}
    53 | D        | Found the +9 sword of Zonguldrok {reap}
    53 | D        | Found the cursed +13 scythe of Curses {drain, *Curse}
    53 | D        | Found the +0 sword of Power
    53 | D        | Found the +6 mace of Variability {chaos}
    53 | D        | Found the +7 Singing Sword
    53 | D        | Found the +7 longbow "Piercer" {penet, EV-2}
    65 | D        | Became a worshipper of Trog the Wrathful
    65 | D        | Reached * piety under Trog
    65 | D        | Reached ** piety under Trog
    94 | D        | Entered arena 2.
    94 | D        | Noticed a polar bear
    94 | D        | Found a transporter.
    96 | D        | Reached skill level 3 in Axes
   102 | D        | Killed a polar bear
   102 | D        | Reached skill level 7 in Axes
   102 | D        | Reached skill level 5 in Armour
   102 | D        | Gained mutation: You have a pair of small antennae on your head. [demonic ancestry]
   102 | D        | Reached XP level 2. HP: 9/29 MP: 2/2
   102 | D        | Gained mutation: You are immune to rotting. [demonic ancestry]
   102 | D        | Reached XP level 3. HP: 12/35 MP: 3/3
   102 | D        | Gained mutation: When hurt, damage is shared between your health and your magic reserves. [demonic ancestry]
   102 | D        | Reached XP level 4. HP: 14/41 MP: 4/4
   102 | D        | Reached XP level 5. HP: 16/47 MP: 5/5
   329 | D        | Entered arena 3.
   329 | D        | Noticed a deep elf mage
   329 | D        | Noticed a water elemental
   329 | D        | Noticed a deep elf knight
   329 | D        | Found a transporter.
   333 | D        | Killed a water elemental
   333 | D        | Reached skill level 9 in Axes
   333 | D        | Gained mutation: You may emit foul miasma when damaged in melee. [demonic ancestry]
   333 | D        | Reached XP level 6. HP: 55/55 MP: 6/6
   336 | D        | Killed a deep elf mage
   336 | D        | Reached *** piety under Trog
   336 | D        | Reached skill level 10 in Axes
   336 | D        | Reached XP level 7. HP: 63/63 MP: 7/7
   340 | D        | Killed a deep elf knight
   340 | D        | Reached skill level 12 in Axes
   340 | D        | Gained mutation: You have sharp fingernails. [demonic ancestry]
   340 | D        | Reached XP level 8. HP: 72/72 MP: 8/8
   395 | D        | Entered arena 4.
   395 | D        | Found a transporter.
   399 | D        | Reached **** piety under Trog
   413 | D        | Got the ring "Xaucyfib" {rCorr rF+ Str+9 Dex+2 Stlth-}
   419 | D        | Entered arena 5.
   419 | D        | Found a transporter.
   420 | D        | Found the +8 autumn katana {slice, Clar}
   423 | D        | Reached ***** piety under Trog
   432 | D        | Received a gift from Trog
   448 | D        | Reached skill level 10 in Fighting
   495 | D        | Entered arena 6.
   495 | D        | Noticed a guardian mummy
   495 | D        | Found a transporter.
   502 | D        | Killed a guardian mummy
   510 | D        | Received a gift from Trog
   513 | D        | Got a smoking executioner's axe {god gift}
   514 | D        | Identified the +3 executioner's axe of Wisdom {chop, rF+ rN++} (Trog gifted it to you in the Dungeon)
   518 | D        | Entered arena 7.
   518 | D        | Noticed a naga mage
   519 | D        | Found a transporter.
   525 | D        | Killed a naga mage
   525 | D        | Reached skill level 13 in Axes
   525 | D        | Gained mutation: You regenerate magic rapidly. [demonic ancestry]
   525 | D        | Reached XP level 9. HP: 64/79 MP: 7/9
   528 | D        | Reached ****** piety under Trog
   528 | D        | Received a gift from Trog
   741 | D        | Entered arena 8.
   741 | D        | Noticed a smoke demon
   742 | D        | Found a transporter.
   746 | D        | Received a gift from Trog
   752 | D        | Killed a smoke demon
   752 | D        | Reached skill level 10 in Armour
   754 | D        | Reached skill level 14 in Axes
   934 | D        | Identified a +2 pair of boots of running (You found it in the Dungeon)
   937 | D        | Entered arena 9.
   937 | D        | Noticed an eye of devastation
   938 | D        | Found a transporter.
   946 | D        | Received a gift from Trog
   959 | D        | Killed an eye of devastation
  1226 | D        | Entered arena 10.
  1226 | D        | Noticed a deep elf mage
  1226 | D        | Noticed a deep elf mage
  1226 | D        | Noticed a deep elf knight
  1226 | D        | Noticed a deep elf mage
  1226 | D        | Noticed a deep elf knight
  1226 | D        | Noticed a death drake
  1226 | D        | Noticed a guardian serpent
  1226 | D        | a death drake changed into a guardian serpent
  1227 | D        | Found a transporter.
  1230 | D        | Noticed a mana viper
  1230 | D        | a guardian serpent changed into a mana viper
  1231 | D        | Received a gift from Trog
  1233 | D        | Noticed a jumping spider
  1233 | D        | a mana viper changed into a jumping spider
  1233 | D        | Killed a deep elf knight
  1233 | D        | Gained mutation: You have sharp toenails. [demonic ancestry]
  1233 | D        | Reached XP level 10. HP: 89/89 MP: 8/10
  1234 | D        | Reached skill level 15 in Axes
  1234 | D        | Killed a deep elf mage
  1238 | D        | Killed a deep elf mage
  1238 | D        | Killed a deep elf knight
  1238 | D        | Received a gift from Trog
  1243 | D        | Killed a deep elf mage
  1462 | D        | Entered arena 11.
  1463 | D        | Found a transporter.
  1466 | D        | Received a gift from Trog
  1484 | D        | Reached skill level 16 in Axes
  1484 | D        | Reached XP level 11. HP: 29/96 MP: 3/11
  1570 | D        | Received a gift from Trog
  1719 | D        | Entered arena 12.
  1719 | D        | Noticed a spriggan rider
  1719 | D        | Noticed an apis
  1719 | D        | Noticed a spriggan air mage
  1720 | D        | Found the +9 staff of Wucad Mu {channel}
  1720 | D        | Noticed a spriggan berserker
  1720 | D        | Noticed a shambling mangrove
  1720 | D        | Noticed a spriggan air mage
  1721 | D        | Noticed a spriggan druid
  1721 | D        | Noticed an anaconda
  1722 | D        | Found a transporter.
  1726 | D        | Killed a spriggan berserker
  1726 | D        | Received a gift from Trog
  1726 | D        | Killed a spriggan air mage
  1729 | D        | Mangled by an apis

Skill      XL: |  1  2  3  4  5  6  7  8  9 10 11 |
---------------+----------------------------------+-----
Axes           | 7 9 10 12 13 14 16 | 16.9
Fighting       | 6 7 8 9 10 12 13 | 13.3
Armour         | 5 6 7 8 9 10 11 12 | 12.0
Dodging        | |  2.6
Stealth        | |  1.7

Action                   |  1- 3 |  4- 6 |  7- 9 | 10-12 || total
-------------------------+-------+-------+-------+-------++-------
Melee: Executioner's axe |     5 |     5 |    61 |    51 ||   122
       Battleaxe         |       |       |     6 |       ||     6
Invok: Berserk           |     1 |     1 |     1 |     1 ||     4
       Burn Spellbooks   |       |       |     3 |     2 ||     5
       Brothers in Arms  |       |       |     1 |     1 ||     2
  Use: Potion            |     1 |       |       |     8 ||     9
 Stab: Distracted        |       |       |     1 |       ||     1
  Eat: Chunk             |       |       |     2 |     2 ||     4
       Ration            |       |       |       |     1 ||     1
Armor: Plate armour      |    21 |     1 |   110 |   167 ||   299
Dodge: Dodged            |     3 |     3 |    72 |   138 ||   216
